cohdb
Replays
Latest Replays
All Replays
Popular Replays
Top Player Replays
Match Explorer
How It Works
Community
CoH3 Stats
Reddit
Sign in to upload your games and track your stats! →
Sign in with Steam
Match 41980969
Unlisted
Match 41980969
Overview
Messages
Build Orders
End
Construct Infanterie Kompanie
Selects Terror Battlegroup
Grenadier Squad
Selects Machine Gun Camouflage
MG 42 Machine Gun Team
GrW 34 Mortar Team
MG 42 Machine Gun Team
Grenadier Squad
Medical Station
GrW 34 Mortar Team
Selects Contempt for the Weak
Construct Panzergrenadier Kompanie
251 Medium Carrier
MG 42 Bunker
Selects Defend the Fatherland
Construct Panzer Kompanie
Pak 40 Anti-tank Gun Team
Selects Propaganda Leaflet Drop
Pak 40 Anti-tank Gun Team
Panzer IV Medium Tank
Stoßtruppen Squad
Pak 40 Anti-tank Gun Team
Pioneer Squad
Gilv
M8 Scott Scott
KiLLiNP4K
Dingo Daniel
STALKER4732
SoyaLors
kingweef
Devochkin
0
0
Comments
sign in to comment!
No comments posted yet!